Construct Infanterie Kompanie
Infanterie Officer Quarters
Construct Panzergrenadier Kompanie
Pak 40 Anti-tank Gun Team
Panzergrenadier Officer Quarters
Construct Panzer Kompanie
Selects Mechanized Battlegroup
Selects Wespe Self-propelled Artillery
Selects Mechanized Assault
Wespe Self-propelled Artillery
Wespe Self-propelled Artillery
Selects StuG Assault Group
Pak 40 Anti-tank Gun Team
Pak 40 Anti-tank Gun Team
Pak 40 Anti-tank Gun Team
Pak 40 Anti-tank Gun Team